 Dungeon Crawl Stone Soup version 0.31.0-10-gcf4a605ca0 (webtiles) character file.

Game seed: 14566597396578363263

1221 DocClef the Shield-Bearer (level 8, -4/67 HPs)
             Began as a Gnoll Fighter on Jan 25, 2024.
             Was an Initiate of Okawaru.
             Slain by an iguana (9 damage)
             ... on level 5 of the Dungeon.
             The game lasted 00:04:56 (4917 turns).

DocClef the Shield-Bearer (Gnoll Fighter)           Turns: 4917, Time: 00:04:57

Health: -4/67      AC:  7    Str: 18    XL:     8   Next: 47%
Magic:  13/13      EV:  8    Int:  8    God:    Okawaru [......]
Gold:   237        SH:  5    Dex: 11    Spells: 13/13 levels left

rFire   . . .        y - +0 flail (protect)
rCold   . . .        c - +0 buckler
rNeg    + . .        m - +2 chain mail {rN+}
rPois   .            (no helmet)
rElec   .            (no cloak)
rCorr   .            (no gloves)
SInv    .            (no boots)
Will    .....        (no amulet) Stlth
                     (no ring)
HPRegen 0.31/turn    (no ring)
MPRegen 0.13/turn

%: no passive effects
@: corroded, under a protective aura, attractive
A: fangs 1, strong nose, distributed training
a: Renounce Religion


You were on level 5 of the Dungeon.
You worshipped Okawaru.
Okawaru was noncommittal.
You visited 1 branch of the dungeon, and saw 5 of its levels.

You collected 237 gold pieces.

Inventory:

Hand Weapons
 a - a +0 flail
 l - a +0 morningstar
 y - a +0 flail of protection (weapon)
Missiles
 o - 6 javelins (quivered)
Armour
 b - a +0 scale mail
 c - a +0 buckler (worn)
 m - a +2 chain mail of positive energy (worn)
Jewellery
 p - a ring of flight
 B - a ring of protection from fire
Wands
 r - a wand of flame (13)
 z - a wand of polymorph (10)
Scrolls
 g - 2 scrolls of vulnerability {unknown}
 k - 4 scrolls of identify {unknown}
 n - 2 scrolls of blinking {unknown}
 q - 2 scrolls of fear {unknown}
 s - a scroll of immolation {unknown}
 u - a scroll of enchant weapon {unknown}
 v - a scroll of teleportation {unknown}
 w - a scroll of silence {unknown}
 A - a scroll of amnesia {unknown}
Potions
 d - 2 potions of might
 f - a potion of brilliance {unknown}
 h - a potion of degeneration {unknown}
 i - 3 potions of lignification {unknown}
 j - 3 potions of curing {unknown}
 t - a potion of heal wounds {unknown}
 x - a potion of resistance {unknown}


   Skills:
 + Level 7.4 Fighting
 + Level 3.4 Short Blades
 + Level 3.4 Long Blades
 + Level 3.4 Axes
 + Level 5.8 Maces & Flails
 + Level 3.4 Polearms
 + Level 3.4 Staves
 + Level 3.4 Ranged Weapons
 + Level 3.4 Throwing
 + Level 7.4 Armour
 + Level 3.4 Dodging
 + Level 3.4 Stealth
 + Level 7.4 Shields
 + Level 3.4 Unarmed Combat
 + Level 3.4 Spellcasting
 + Level 2.8 Conjurations
 + Level 2.8 Hexes
 + Level 2.8 Summonings
 + Level 2.8 Necromancy
 + Level 2.8 Translocations
 + Level 2.8 Fire Magic
 + Level 2.8 Ice Magic
 + Level 2.8 Air Magic
 + Level 2.8 Earth Magic
 + Level 2.8 Alchemy
 + Level 3.8 Invocations
 + Level 3.4 Evocations
 + Level 3.1 Shapeshifting


You had 13 spell levels left.
You didn't know any spells.
Your spell library contained the following spells:

 Spells                   Type           Power      Damage    Failure   Level
 Ensorcelled Hibernation  Hex/Ice        10%        N/A       78%         2
 Fugue of the Fallen      Necr           5%         N/A       95%         3
 Ozocubu's Armour         Ice            5%         N/A       95%         3
 Passwall                 Erth           5%         N/A       95%         3
 Swiftness                Air            5%         N/A       95%         3
 Manifold Assault         Tloc           5%         N/A       100%        4


Dungeon Overview and Level Annotations

Branches:
Dungeon (5/15)             Temple (0/1) D:4

Altars:
Fedhas
Gozag
Kikubaaqudgha
Nemelex Xobeh
Okawaru
Ru
Sif Muna
Vehumet
Wu Jian
Zin

Shops:
D:1 (   D:3 ?


Innate Abilities, Weirdness & Mutations

You have very sharp teeth.
Your uncanny sense of smell can sniff out nearby items.
Your experience applies equally to all skills.


Message History

The jelly hits you. The acid corrodes you!
You are splashed with acid!
You hit the jelly but do no damage.
Your weapon exudes an aura of protection.
Your hands burn!
The jelly hits you but does no damage.
You hit the jelly but do no damage.
Your hands burn!
A sleepcap comes into view.
The jelly hits you but does no damage. The jelly barely misses you.
You sock the jelly! The acid corrodes you!
Your hands burn!
You bite the jelly.
The jelly is heavily wounded.
You block the iguana's attack. The jelly hits you but does no damage.
You hit the jelly.
Your hands burn!
The jelly is heavily wounded.
The iguana bites you but does no damage.
The jelly hits you. The acid corrodes you!
You are splashed with acid!
You are too injured to fight recklessly!
You are too injured to fight recklessly!
The iguana attacks as it pursues you! The iguana bites you.
* * * LOW HITPOINT WARNING * * *
You hit the iguana. Your bite misses the iguana.
The iguana is lightly wounded.
The iguana barely misses you.
You hit the iguana but do no damage. Your bite misses the iguana.
The iguana is lightly wounded.
You block the iguana's attack.
You hit the iguana.
The iguana is moderately wounded.
The iguana bites you.
* * * LOW HITPOINT WARNING * * *
You hit the iguana.
The iguana is heavily wounded.
The iguana bites you!
* * * LOW HITPOINT WARNING * * *
You hit the iguana but do no damage.
The iguana is heavily wounded.
The jelly jiggles.
The iguana completely misses you. The iguana barely misses you.
It was a potion of attraction.
You feel attractive to monsters. The iguana bites you!
You die...

#..#.####
#..#.##.# ∆
#..#.##.#
#.....#.#######
#...#.........#
#.....#.#######
#### #..####.#
####..... #..#
#.# #.....#
##.)# #.# #@# .#
#...#
#.#####l##..#
#####.#
#..)...Jf.f.# .#
#.#
###...#.........
.# #.#
#.#).=.#####..
.####.#
...#...#.#
......#
#.##.##.##.#
..##### #..$#
..# ## ..# ....
...


You could see a sleepcap, an iguana and a jelly.

Vanquished Creatures
  Sigmund (D:3)
  Duvessa (D:4)
  2 black bears
  An ogre (D:4)
  A scorpion (D:4)
  Dowan (D:4)
  2 bombardier beetles
  2 hounds (D:4)
  2 jellies (D:3)
  2 orc priests
  Jessica (D:2)
  Natasha (thrice) (D:3)
  Terence (D:2)
  An iguana (D:4)
  A sleepcap (D:5)
  An orc wizard (D:4)
  3 adders
  5 dart slugs
  4 ribbon worms
  7 orcs
  4 ball pythons
  11 endoplasms
  4 giant cockroaches
  4 hobgoblins
  3 jackals (D:2)
  5 quokkas
  6 bats
  4 frilled lizards
  11 goblins
  15 kobolds
  3 rats
112 creatures vanquished.

Notes
Turn   | Place    | Note
-------+----------+-------------------------------------------
     0 | D:1      | DocClef the Gnoll Fighter began the quest for the Orb.
     0 | D:1      | Reached XP level 1. HP: 23/23 MP: 1/1
    46 | D:1      | Found Coimull's Weapon Emporium.
    82 | D:1      | Reached XP level 2. HP: 29/29 MP: 2/2
   123 | D:1      | Identified the +9 spear of Glory {freeze, rC+ Will+ MP+9
                  | Str+2}
   692 | D:2      | Noticed Jessica
   696 | D:2      | Reached XP level 3. HP: 35/35 MP: 3/3
   711 | D:2      | Killed Jessica
   712 | D:2      | Reached skill level 1 in Short Blades
   712 | D:2      | Reached skill level 1 in Long Blades
   712 | D:2      | Reached skill level 1 in Axes
   712 | D:2      | Reached skill level 1 in Polearms
   712 | D:2      | Reached skill level 1 in Staves
   712 | D:2      | Reached skill level 1 in Ranged Weapons
   712 | D:2      | Reached skill level 1 in Throwing
   712 | D:2      | Reached skill level 1 in Dodging
   712 | D:2      | Reached skill level 1 in Stealth
   712 | D:2      | Reached skill level 1 in Unarmed Combat
   712 | D:2      | Reached skill level 1 in Spellcasting
   712 | D:2      | Reached skill level 1 in Invocations
   712 | D:2      | Reached skill level 1 in Evocations
   753 | D:2      | Reached skill level 1 in Shapeshifting
   753 | D:2      | Reached XP level 4. HP: 34/41 MP: 5/5
   791 | D:2      | Found a faded altar of an unknown god.
  1273 | D:2      | Noticed Terence
  1283 | D:2      | Killed Terence
  1284 | D:2      | Reached skill level 1 in Conjurations
  1284 | D:2      | Reached skill level 1 in Hexes
  1284 | D:2      | Reached skill level 1 in Summonings
  1284 | D:2      | Reached skill level 1 in Necromancy
  1284 | D:2      | Reached skill level 1 in Translocations
  1284 | D:2      | Reached skill level 1 in Fire Magic
  1284 | D:2      | Reached skill level 1 in Ice Magic
  1284 | D:2      | Reached skill level 1 in Air Magic
  1284 | D:2      | Reached skill level 1 in Earth Magic
  1284 | D:2      | Reached skill level 1 in Alchemy
  1414 | D:3      | Found a sacrificial altar of Ru.
  1441 | D:3      | Found a radiant altar of Vehumet.
  1446 | D:3      | Noticed Natasha
  1463 | D:3      | Killed Natasha
  1464 | D:3      | Reached XP level 5. HP: 43/47 MP: 5/7
  1567 | D:3      | Noticed Sigmund
  1568 | D:3      | Found Laxobbay's Magic Scroll Shop.
  1618 | D:3      | Killed Sigmund
  1619 | D:3      | Reached skill level 5 in Maces & Flails
  1619 | D:3      | Reached XP level 6. HP: 22/53 MP: 7/9
  1771 | D:3      | Noticed Natasha
  1783 | D:3      | Killed Natasha
  1916 | D:3      | Found an opulent altar of Gozag.
  1916 | D:3      | Found a blossoming altar of Fedhas.
  1916 | D:3      | Found a shimmering blue altar of Sif Muna.
  1916 | D:3      | Found an ancient bone altar of Kikubaaqudgha.
  1916 | D:3      | Found an iron altar of Okawaru.
  1916 | D:3      | Found an ornate altar of the Wu Jian Council.
  2031 | D:3      | Found a faded altar of an unknown god.
  2061 | D:3      | Found an opulent altar of Gozag.
  2061 | D:3      | Found a blossoming altar of Fedhas.
  2061 | D:3      | Found a shimmering blue altar of Sif Muna.
  2061 | D:3      | Found an ancient bone altar of Kikubaaqudgha.
  2061 | D:3      | Found an iron altar of Okawaru.
  2061 | D:3      | Found an ornate altar of the Wu Jian Council.
  2067 | D:3      | Became a worshipper of Warmaster Okawaru
  2114 | D:3      | Noticed Natasha
  2123 | D:3      | Killed Natasha
  2183 | D:3      | Found a sparkling altar of Nemelex Xobeh.
  2213 | D:3      | Reached XP level 7. HP: 60/60 MP: 10/10
  2496 | D:3      | Found Laxobbay's Magic Scroll Shop.
  2584 | D:3      | Found a glowing silver altar of Zin.
  2614 | D:3      | Found a sacrificial altar of Ru.
  2617 | D:3      | Found a radiant altar of Vehumet.
  2997 | D:4      | Found a staircase to the Ecumenical Temple.
  3856 | D:4      | Noticed Duvessa
  3856 | D:4      | Noticed Dowan
  3865 | D:4      | Killed Duvessa
  3866 | D:4      | Reached XP level 8. HP: 65/67 MP: 12/12
  3878 | D:4      | Killed Dowan
  4395 | D:5      | Entered Level 5 of the Dungeon
  4395 | D:5      | Found an ancient bone altar of Kikubaaqudgha.
  4917 | D:5      | Slain by an iguana

Illustrated notes

Levels and vault maps discovered:
D:1:      denvon_arrival_planthouse, layout_basic, serial_shops, shop,
          dk_noncrumbling_3, dreamdust_wishing_well,
          corexii_item_surrounded_by_moat
D:2:      layout_basic, ebering_ecumenical_altar_sacrificial,
          nicolae_kite_square_tiling_tiny, hangedman_decor_peaks_small,
          serial_park_tiny_pond, uniq_jessica, uniq_terence
D:3:      cheibrodos_fertilizer, layout_basic,
          mainiacjoe_overflow_catwalk_spiral, zin_scriptorium,
          nicolae_overflow_ecumenical_swirl, serial_shops, shop, uniq_sigmund,
          uniq_natasha
D:4:      dreamdust_elfheim, layout_gridville,
          minmay_temple_entry_statues_fountains, minmay_ogre_servants
D:5:      layout_loops_ring, nicolae_overflow_crystal_walls,
          minmay_misc_feat_diagonals, nzn_random_ring, uniq_pikel

Skill      XL: |  1  2  3  4  5  6  7  8 |
---------------+-------------------------+-----
Short Blades   | 1 2 3 |  3.4
Long Blades    | 1 2 3 |  3.4
Axes           | 1 2 3 |  3.4
Polearms       | 1 2 3 |  3.4
Staves         | 1 2 3 |  3.4
Ranged Weapons | 1 2 3 |  3.4
Throwing       | 1 2 3 |  3.4
Dodging        | 1 2 3 |  3.4
Stealth        | 1 2 3 |  3.4
Unarmed Combat | 1 2 3 |  3.4
Spellcasting   | 1 2 3 |  3.4
Invocations    | 1 2 3 |  3.8
Evocations     | 1 2 3 |  3.4
Shapeshifting  | 1 2 3 |  3.1
Conjurations   | 1 2 |  2.8
Hexes          | 1 2 |  2.8
Summonings     | 1 2 |  2.8
Necromancy     | 1 2 |  2.8
Translocations | 1 2 |  2.8
Fire Magic     | 1 2 |  2.8
Ice Magic      | 1 2 |  2.8
Air Magic      | 1 2 |  2.8
Earth Magic    | 1 2 |  2.8
Alchemy        | 1 2 |  2.8
Maces & Flails | 5 |  5.8
Fighting       | 7 |  7.4
Armour         | 7 |  7.4
Shields        | 7 |  7.4

Action                     |  1- 3 |  4- 6 |  7- 9 || total
---------------------------+-------+-------+-------++-------
  Melee: Flail             |    70 |    32 |   155 ||   257
         Bite              |    10 |    15 |    27 ||    52
         Morningstar       |       |   138 |    49 ||   187
    Use: Potion            |       |     1 |     1 ||     2
 Armour: Scale mail        |    51 |    24 |       ||    75
         Chain mail        |       |   115 |   136 ||   251
  Dodge: Dodged            |    34 |    77 |    73 ||   184
  Block: Buckler           |    24 |    40 |    42 ||   106
